 Dungeon Crawl Stone Soup version 0.29.0-7-g18a832c13a (webtiles) character file.

Game seed: 17042956972291846242

25 night the Stinger (level 2, -2/19 HPs)
             Began as a Demonspawn Venom Mage on Aug 30, 2022.
             Slain by an adder (3 damage)
             ... on level 1 of the Dungeon.
             The game lasted 00:02:59 (1625 turns).

night the Stinger (Demonspawn Venom Mage)           Turns: 1625, Time: 00:03:00

Health: -2/19      AC:  2    Str:  8    XL:     2   Next: 82%
Magic:  2/5        EV: 12    Int: 16    God:
Gold:   34         SH:  0    Dex: 13    Spells: 3/6 levels left

rFire   + . .      SeeInvis .   c - +0 whip
rCold   + . .      Faith    .   (no shield)
rNeg    . . .      Spirit   .   a - +0 robe
rPois   +          Reflect  .   (helmet restricted)
rElec   +          Harm     .   (no cloak)
rCorr   +          Rampage  .   (no gloves)
Will    .....                   (no boots)
Stlth   ++........              (no amulet)
HPRegen 0.06/turn               (no ring)
MPRegen 0.09/turn               (no ring)

@: lethally poisoned (-2 -> -6), resistant
A: horns 1
a: no special abilities


You were on level 1 of the Dungeon.
You visited 1 branch of the dungeon, and saw 2 of its levels.

You collected 34 gold pieces.

Inventory:

Hand Weapons
 c - a +0 whip (weapon)
Armour
 a - a +0 robe (worn)
 f - a +0 ring mail
Scrolls
 e - 2 scrolls of teleportation
 i - a scroll of identify
Potions
 b - 3 potions of magic
 d - a potion of resistance
 g - a potion of haste {unknown}
 h - 3 potions of invisibility {unknown}


   Skills:
 - Level 1.7 Dodging
 - Level 1.7 Stealth
 + Level 2.6 Spellcasting
 - Level 0.8 Transmutations
 + Level 3.5 Poison Magic


You had 3 spell levels left.
You knew the following spells:

 Your Spells              Type           Power      Damage    Failure   Level
a - Sting                 Tmut/Pois      36%        1d4       8%          1
b - Poisonous Vapours     Pois/Air       14%        N/A       14%         2

Your spell library contained the following spells:

 Spells                   Type           Power      Damage    Failure   Level
 Mephitic Cloud           Conj/Pois/Air  5%         N/A       34%         3
 Olgreb's Toxic Radiance  Pois           13%        N/A       41%         4


Dungeon Overview and Level Annotations

Branches:
Dungeon (2/15)

Altars:


Innate Abilities, Weirdness & Mutations

You have a pair of small horns on your head.


Message History

The helpless adder fails to defend itself.
You hit the adder.
The adder is moderately wounded.
The adder barely misses you. The adder misses you.
You miss the adder.
You headbutt the adder, but do no damage.
The adder is moderately wounded.
The adder bites you.
You are poisoned.
The adder poisons you!
Casting: Sting (safe; 8% risk of failure)
Confirm with . or Enter, or press ? or * to list all spells.
Aiming: Sting (safe; 8% risk of failure)
Press: ? - help, Shift-Dir - straight line, f/p - adder
Aim: an adder (moderately wounded, 48% to hit)
The sting misses the adder.
You feel sick. The bat completely misses you. The adder closely misses you.
You feel sick. The bat hits you but does no damage. The adder bites you.
You are more poisoned.
The adder poisons you! The adder bites you.
You are lethally poisoned!
The adder poisons you!
You climb upwards.
You feel very sick.
There is a stone staircase leading down here.
Casting: Sting (safe; 8% risk of failure)
Confirm with . or Enter, or press ? or * to list all spells.
Aiming: Sting (safe; 8% risk of failure)
Press: ? - help, Shift-Dir - straight line, f - adder
Aim: an adder (lightly wounded, 48% to hit)
The sting misses the adder.
* * * LOW HITPOINT WARNING * * *
You feel sick. The adder bites you.
* * * LOW HITPOINT WARNING * * *
Your magical contamination has completely faded away.
It was a potion of resistance.
You feel protected.
* * * LOW HITPOINT WARNING * * *
You feel sick. The adder bites you.
You die...

##..####.# ##≈≈≈~~.~≈~≈###
##.......# ##≈≈≈~~~.~...#
##.#####.# #≈≈≈≈........#
...# #.# #≈≈#.........#
#### #.###≈≈≈#.........#
########...#≈≈##.........#
##.........#≈# #.........#
...######### #.S.......#
#### #@.......<#
###########


You could see an adder.

Vanquished Creatures
  A dart slug (D:1)
  3 ball pythons (D:1)
  2 bats (D:1)
  4 endoplasms (D:1)
  2 giant cockroaches (D:1)
  2 goblins (D:1)
  A hobgoblin (D:1)
  A quokka (D:1)
  3 frilled lizards (D:1)
  A kobold (D:1)
  A rat (D:1)
21 creatures vanquished.

Notes
Turn   | Place    | Note
-------+----------+-------------------------------------------
     0 | D:1      | night the Demonspawn Venom Mage began the quest for the
                  | Orb.
     0 | D:1      | Reached XP level 1. HP: 13/13 MP: 3/3
   369 | D:1      | Discovered your monstrous ancestry.
   369 | D:1      | Gained mutation: You have a pair of small horns on your
                  | head. [demonic ancestry]
   369 | D:1      | Reached XP level 2. HP: 19/19 MP: 3/5
   372 | D:1      | Learned a level 2 spell: Poisonous Vapours
  1625 | D:1      | HP: 1/19 [poisoned by an adder]
  1625 | D:1      | Slain by an adder

Illustrated notes

Levels and vault maps discovered:
D:1:      lemuel_arrival_river_bridge, layout_loops_ring, palyth_stone_intersect
D:2:      layout_rooms, dilly_ecumenical_altar_fadedgnrine

Action                   || total
-------------------------++-------
Melee: Whip              ||    16
       Headbutt          ||     2
 Cast: Sting             ||    33
       Poisonous Vapours ||    10
  Use: Scroll            ||     2
       Potion            ||     1
 Stab: Sleeping          ||     1
Armor: Robe              ||     4
Dodge: Dodged            ||    20
